 Dungeon Crawl Stone Soup version 0.31-a0-164-g2312942fda (webtiles) character file.

Game seed: 7486498217710580188

375 qw the Shooter (level 6, -2/39 HPs)
             Began as a Gargoyle Hunter on June 13, 2023.
             Killed by divine providence
             ... invoked by an orc priest
              (11 damage)
             ... on level 3 of the Dungeon.
             The game lasted 00:01:13 (2584 turns).

qw the Shooter (Gargoyle Hunter)                    Turns: 2584, Time: 00:01:14

Health: -2/39      AC:  7    Str: 14    XL:     6   Next: 72%
Magic:  6/6        EV: 11    Int: 10    God:
Gold:   42         SH:  0    Dex: 15    Spells: 5/5 levels left

rFire   . . .        Y - +0 shortbow
rCold   . . .        (shield currently unavailable)
rNeg    + + .        c - +0 leather armour "Reunup" {rPois rN+ Slay+3}
rPois   inf          (no helmet)
rElec   +            (no cloak)
rCorr   .            (no gloves)
SInv    .            (no boots)
Will    +....        (no amulet)
Stlth   ++           a - ring of willpower
HPRegen 0.26/turn    (no ring)
MPRegen 0.10/turn

%: no passive effects
@: no status effects
A: sickness immunity, AC +4, negative energy resistance 1, electricity
resistance, torment resistance 1, petrification resistance
a: no special abilities


You were on level 3 of the Dungeon.
You visited 1 branch of the dungeon, and saw 5 of its levels.

You collected 130 gold pieces.
You spent 88 gold pieces at shops.


Innate Abilities, Weirdness & Mutations

You are immune to sickness and miasma.
Your stone body is resilient. (AC +4)
You are immune to poison.
You resist negative energy. (rN+)
You are resistant to electric shocks. (rElec)
You are resistant to unholy torment.
You are immune to petrification.


   Skills:
 - Level 4.3 Fighting
 + Level 6.6 Ranged Weapons
 - Level 1.9 Armour
 - Level 1.5 Dodging
 - Level 1.1 Stealth


You had 5 spell levels left.
You didn't know any spells.
Your spell library was empty.

Inventory:

Hand Weapons
 Y - a +0 shortbow (weapon)
Armour
 c - the +0 leather armour "Reunup" (worn) {rPois rN+ Slay+3}
   (You found it on level 5 of the Dungeon)

   Slay:      It affects your accuracy & damage with ranged weapons and melee
   (+3).
   rPois:     It protects you from poison.
   rN:        It protects you from negative energy.
Jewellery
 a - a ring of willpower (left hand)
 j - an amulet of the acrobat
Scrolls
 b - 2 scrolls of teleportation
 h - 2 scrolls of identify
Potions
 e - a potion of enlightenment {unknown}
 f - a potion of mutation {unknown}
 g - a potion of haste {unknown}
 i - a potion of might {unknown}

Dungeon Overview and Level Annotations

Branches:
Dungeon (5/15)
 Temple: D:4-7

Altars:
Ashenzari
Nemelex Xobeh

Shops:
D:3 ?


Message History

Enter note:
Enter note:
Enter note:
Enter note:
Enter note:
Enter note: You shoot an arrow.
The arrow completely misses the orc priest.
The orc priest calls down the wrath of Beogh upon you.
Beogh smites you!
You shoot an arrow. The arrow hits the orc priest!
The orc priest is severely wounded.
The orc priest invokes the aid of Beogh against you.
Beogh smites you!
The orc shouts!
2577 ||| FLEEEEING.
A scorpion comes into view.
You shoot an arrow.
The arrow closely misses the orc priest.
The arrow hits the orc.
The orc is almost dead.
The orc priest looks satisfied for a moment.
You shoot an arrow. The arrow hits the scorpion.
The scorpion is lightly wounded.
You shoot an arrow. The arrow hits the scorpion.
The scorpion is heavily wounded.
You shoot an arrow. The arrow hits the scorpion!
The scorpion is almost dead.
The scorpion stings you but does no damage.
You shoot an arrow. The arrow barely misses the scorpion.
The scorpion barely misses you.
You shoot an arrow. The arrow barely misses the scorpion.
The orc priest hits you with a +0 dagger.
The scorpion barely misses you. The quokka barely misses you.
You shoot an arrow. The arrow hits the scorpion.
The scorpion is almost dead.
The scorpion stings you. The orc hits you but does no damage.
The orc priest invokes the aid of Beogh against you.
Beogh smites you!
You die...

#......)..... .. ..
#............ . ....
#............ . ##.#..
#....)....... #'
.}#..####............ ...
......##............ ....
##.##.##............
.....#.os..##........####
._=..'.)@')##........#
......)ro#.##..).....#
.....###.#..#.########
.... #.).....# #'
#.}.......## ####...####
....## .....# #.#####


You could see a scorpion, an orc priest, an orc and a quokka.

Vanquished Creatures
  2 hounds
  An orc priest (D:3)
  Terence (D:2)
  Natasha (D:2)
  3 orc wizards
  6 adders
  A white imp (D:5)
  A worm (D:3)
  2 dart slugs
  12 orcs
  5 bats
  5 endoplasms
  7 giant cockroaches
  5 goblins
  7 hobgoblins
  A jackal (D:2)
  2 quokkas (D:1)
  7 ball pythons
  2 frilled lizards (D:1)
  8 kobolds
  5 rats
84 creatures vanquished.

Notes
Turn   | Place    | Note
-------+----------+-------------------------------------------
     0 | D:1      | qw the Gargoyle Hunter began the quest for the Orb.
     0 | D:1      | Reached XP level 1. HP: 12/12 MP: 1/1
     0 | D:1      | 0 ||| qw: Version: 0.2-a-29-gc1b59c4
     0 | D:1      | 0 ||| qw: Game counter: 4629
     0 | D:1      | 0 ||| qw: Always use a shield: true
     0 | D:1      | 0 ||| qw: God list: Okawaru
     0 | D:1      | 0 ||| qw: Allow faded altars: false
     0 | D:1      | 0 ||| qw: Do Orc after D:15 true
     0 | D:1      | 0 ||| qw: Do second Lair branch before Depths: true
     0 | D:1      | 0 ||| qw: Lair rune preference: random
     0 | D:1      | 0 ||| qw: Plans: Normal, Zot:1-4, Slime:5, God:TSO, Crypt,
                  | Tomb, Abyss, Pan, Hells, Win
     0 | D:1      | 0 ||| PLANNING D:1-11
    56 | D:1      | Reached XP level 2. HP: 17/17 MP: 2/2
   382 | D:1      | Reached XP level 3. HP: 21/21 MP: 3/3
   543 | D:1      | Reached skill level 5 in Ranged Weapons
   841 | D:1      | 841 ||| READING scroll labelled RUKLOI KOACK.
   842 | D:1      | 842 ||| READING scroll labelled UTWUCI JOIKOGU.
   845 | D:1      | 845 ||| DROPPING scroll of butterflies.
   899 | D:2      | 899 ||| STAIRDANCE
   994 | D:2      | Reached skill level 3 in Fighting
   998 | D:2      | Found a faded altar of an unknown god.
  1001 | D:2      | Reached XP level 4. HP: 28/28 MP: 4/4
  1112 | D:2      | Noticed Terence
  1132 | D:2      | Killed Terence
  1494 | D:2      | Noticed Natasha
  1500 | D:2      | Killed Natasha
  1501 | D:2      | Reached XP level 5. HP: 30/32 MP: 5/5
  1672 | D:2      | 1672 ||| UPGRADING to +0 ring mail.
  1682 | D:2      | 1682 ||| DROPPING +0 leather armour.
  1683 | D:2      | 1683 ||| UPGRADING to ring of willpower.
  1684 | D:2      | 1684 ||| READING scroll labelled PIRULEXOPS.
  1685 | D:2      | 1685 ||| DRINKING 2 amethyst potions.
  1785 | D:3      | Found a sparkling altar of Nemelex Xobeh.
  1872 | D:3      | Reached skill level 1 in Armour
  1904 | D:3      | You fall into a shaft and drop 2 floors!
  1904 | D:5      | Entered Level 5 of the Dungeon
  1921 | D:5      | Reached skill level 6 in Ranged Weapons
  1964 | D:5      | Identified the +0 leather armour "Reunup" {rPois rN+
                  | Slay+3}
  2038 | D:5      | 2038 ||| UPGRADING to +0 leather armour "Reunup" {rPois rN+
                  | Slay+3}.
  2048 | D:5      | 2048 ||| DROPPING +0 ring mail.
  2063 | D:4      | Reached XP level 6. HP: 13/38 MP: 6/6
  2063 | D:4      | HP: 9/38 [orc/+0 war axe (3)]
  2064 | D:4      | 2064 ||| READING 2 scrolls of teleportation.
  2066 | D:4      | HP: 2/38 [orc/+0 war axe (8)]
  2270 | D:4      | 2270 ||| READING 2 scrolls labelled UNECSO KUMIZUN.
  2320 | D:3      | Found Faluuq's Magic Scroll Boutique.
  2329 | D:3      | 2329 ||| BUYING scroll of identify (22 gold).
  2329 | D:3      | Bought a scroll of identify for 22 gold pieces
  2329 | D:3      | 2329 ||| BUYING scroll of teleportation (33 gold).
  2329 | D:3      | Bought a scroll of teleportation for 33 gold pieces
  2329 | D:3      | 2329 ||| BUYING scroll of teleportation (33 gold).
  2329 | D:3      | Bought a scroll of teleportation for 33 gold pieces
  2388 | D:3      | Found a broken altar of Ashenzari.
  2389 | D:3      | 2389 ||| Stepping ~*~*~tactically~*~*~ (outnumbered).
  2397 | D:3      | 2397 ||| DRINKING potion of curing.
  2397 | D:3      | 2397 ||| (to cure confusion)
  2412 | D:3      | HP: 9/39 [something (1)]
  2413 | D:3      | 2413 ||| READING 3 scrolls of teleportation.
  2415 | D:3      | HP: 4/39 [something (3)]
  2425 | D:3      | 2425 ||| Stepping randomly (disturbance).
  2426 | D:3      | 2426 ||| Stepping randomly (disturbance).
  2427 | D:3      | 2427 ||| Stepping randomly (disturbance).
  2427 | D:3      | HP: 7/39 [something (1)]
  2577 | D:3      | 2577 ||| FLEEEEING.
  2584 | D:3      | HP: 9/39 [scorpion (5)]
  2584 | D:3      | Killed from afar by an orc priest

Levels and vault maps discovered:
D:1:      mrwooster_arrival_statue_3, layout_basic
D:2:      layout_loops_ring, nicolae_ecumenical_snake_handling,
          nrook_loot_triangle, st_stairs_10, eino_tiny_chamber,
          kennysheep_generic_room_7, uniq_terence, uniq_natasha
D:3:      layout_basic, lemuel_doored_altar, evilmike_ruin_ashenzari,
          serial_shops, shop
D:4:      layout_loops_ring, nicolae_wu_jian_wuxing_cycle, uniq_robin
D:5:      layout_basic, biasface_ghost_orc_armoury,
          minmay_misc_feat_more_columns

Skill      XL: |  1  2  3  4  5  6 |
---------------+-------------------+-----
Ranged Weapons | 5 6 |  6.6
Fighting       | 3 4 |  4.3
Armour         | 1 |  1.9
Dodging        | |  1.5
Stealth        | |  1.1

Action                     |  1- 3 |  4- 6 || total
---------------------------+-------+-------++-------
   Fire: Shortbow          |   115 |   195 ||   310
    Use: Scroll            |     2 |     4 ||     6
         Potion            |       |     2 ||     2
 Armour: Leather armour    |    20 |    57 ||    77
         Ring mail         |       |    14 ||    14
  Dodge: Dodged            |    33 |    76 ||   109

Table legend:
 A = Non-vault XP
 B = Vault XP
 C = Vault XP percentage of total XP
 D = Non-vault monster count
 E = Vault monster count
 F = Vault count percentage of total count
                 A         B        C        D         E       F
            +---------+---------+-------+---------+---------+-------
      Total |     436 |     100 |  18.7 |      73 |      11 |  13.1
            +---------+---------+-------+---------+---------+-------
        D:1 |      44 |       3 |   6.4 |      25 |       2 |   7.4
        D:2 |      52 |      97 |  65.1 |      16 |       9 |  36.0
        D:3 |     206 |       0 |   0.0 |      24 |       0 |   0.0
        D:4 |     111 |       0 |   0.0 |       6 |       0 |   0.0
        D:5 |      23 |       0 |   0.0 |       2 |       0 |   0.0
            +---------+---------+-------+---------+---------+-------
